Cogmind - Beta 15 @@@ ROGUE MODE // 2025.10.05 @ 00:10:50 Player: DietSnapple Result: Self-destructed Performance ------------- Evolutions (1) 500 Regions Visited (2) 400 Robots Destroyed (16) 80 Value Destroyed (336) 336 Prototype IDs (0) 0 Alien Tech Used (0) 0 Bonus (0) 0 TOTAL SCORE: 1316 Bonus ------- None Cogmind --------- Core Integrity 281/400 Matter 240/300 Energy 100/100 System Corruption 0% Temperature Cool (0) Movement Core (350) Ox6 Location -9/Materials Parts ------- > --- POWER (1) -------- (None) > --- PROPULSION (3) --- (None) > --- UTILITY (3) ------ Large Storage Unit > --- WEAPON (2) ------- (None) > --- INVENTORY (15) --- Light Ion Engine Small Storage Unit Large Battery (200) Sensor Array Sensor Array Peak State ------------ > --- POWER ------------ Ion Engine > --- PROPULSION ------- Light Treads Light Treads > --- UTILITY ---------- Small Storage Unit Sensor Array Light Armor Plating > --- WEAPON ----------- Assault Rifle Light Assault Rifle > --- INVENTORY -------- Light Ion Engine Large Battery Sensor Array Sensor Array Small Laser [Rating: 8] Favorites ----------- Power Ion Engine Engine Ion Engine Propulsion Light Treads Treads Light Treads Utility Small Storage Unit Device Seismic Detector Storage Small Storage Unit Protection Light Armor Plating Weapon Light Assault Rifle Energy Gun Small Laser Ballistic Gun Light Assault Rifle Build | -11 -10 -9 ------- Run | Yrd Mat Mat Slots Evolved 2 | . . 2 Power . | . . . Propulsion 1 | . . 1 Utility 1 | . . 1 Weapon . | . . . Parts Attached 13 | 7 4 2 Power 3 | 1 2 . Engine 3 | 1 2 . Core . | . . . Reactor . | . . . Propulsion 2 | 2 . . Treads 2 | 2 . . Leg . | . . . Wheel . | . . . Hover . | . . . Flight . | . . . Utility 5 | 2 1 2 Device 2 | 1 . 1 Storage 2 | 1 . 1 Processor . | . . . Hackware . | . . . Protection 1 | . 1 . Artifact . | . . . Weapon 3 | 2 1 . Energy Gun 1 | 1 . . Energy Cannon . | . . . Ballistic Gun 2 | 1 1 . Ballistic Cannon . | . . . Launcher . | . . . Special Weapon . | . . . Impact Weapon . | . . . Slashing Weapon . | . . . Piercing Weapon . | . . . Special Melee Weapon . | . . . Unidentified Prototypes . | . . . Parts Lost 10 | . 2 8 Power 2 | . 1 1 Propulsion 2 | . . 2 Utility 3 | . 1 2 Weapon 3 | . . 3 Highest Loss Streak 8 | . 1 8 To Critical Strikes . | . . . Average Backups 5 | 2 6 5 Power . | . 1 1 Propulsion . | 1 . . Utility 2 | . 3 3 Weapon . | . 1 . Tool/Special . | . . . Unused Backups 5 | . 2 3 Power . | . . . Propulsion 2 | . 2 . Utility 3 | . . 3 Weapon . | . . . Tool/Special . | . . . Average Slot Usage (%) 95 | . 99 82 Engine 13 | . 14 10 Treads 26 | . 28 19 Device 12 | . 12 10 Storage 13 | . 14 11 Protection 3 | . 1 9 Energy Gun 2 | . 2 1 Ballistic Gun 23 | . 25 19 Peak Build Rating 8 | 7 7 8 Average Rating 6 | 4 6 7 On Entrance 4 | . 7 7 Naked Turns . | . . . Heaviest Build 32 | 11 16 32 Greatest Support 40 | 40 40 40 Greatest Overweight (x) 6 | . . 6 Average Overweight (x) . | . . . Largest Inventory Capacity 15 | 8 8 15 Average Capacity 8 | 6 8 10 Most Carried 8 | 3 8 6 Average Carried 5 | 2 6 5 Final Capacity 15 | 8 8 15 Final Carried 6 | 3 6 5 Class Distribution -------------------- 100% | Mutant Dominant Class ---------------- Mutant | -10/Materials Mutant | -9/Materials Resources | -11 -10 -9 ----------- Run | Yrd Mat Mat Matter Collected 475 | 260 215 . Remotely . | . . . Salvage Created 503 | 132 225 146 Parts 30 | 5 13 12 Haulers Intercepted . | . . . Recyclers Shooed . | . . . Parts Field Recycled . | . . . Retrieved Matter . | . . . Parts Self-Destructed . | . . . Prevented . | . . . Kills | -11 -10 -9 ------- Run | Yrd Mat Mat Combat Hostiles Destroyed 11 | . 8 3 Guns 11 | . 8 3 Classes Destroyed 7 | 3 3 1 Worker 1 | 1 . . Tunneler 1 | 1 . . Recycler 1 | 1 . . Watcher 2 | . 1 1 Swarmer 5 | . 5 . Grunt 5 | . 3 2 Duelist 1 | . . 1 Best Kill Streak 3 | 2 3 2 Combat Bots Only 2 | . 2 2 Max Kills in Single Turn 1 | 1 1 1 Gunslinging . | . . . Exploded . | . . . Melee . | . . . Uniques/NPCs Destroyed . | . . . Combat | -11 -10 -9 -------- Run | Yrd Mat Mat Hostile Shots Fired 113 | . 67 46 Missed 32 | . 20 12 Hits 81 | . 47 34 Melee 7 | . . 7 Projectile 74 | . 47 27 Critical Strikes 2 | . 1 1 Damage Taken 1110 | . 515 595 Core 239 | . 120 119 Absorbed by Shields . | . . . Core Remaining (%) 76 | 100 52 . Volleys Fired 74 | 8 44 22 Largest 2 | 2 2 2 Hottest 60 | 60 60 40 Shots Fired 135 | 16 88 31 Gun 135 | 16 88 31 Cannon . | . . . Launcher . | . . . Special . | . . . Kinetic 115 | 8 87 20 Thermal 20 | 8 1 11 Explosive . | . . . Electromagnetic . | . . . Robot Hit Streak 20 | 9 20 8 Robot Miss Streak 4 | 2 4 3 Penetration Max . | . . . Secondary Targets . | . . . Shots Hit Robots 90 | 14 56 20 Core Hits 30 | 6 16 8 Critical Kills . | . . . Critical Parts Destroyed 1 | . 1 . Critical Strikes 1 | . 1 . Destroy 1 | . 1 . Melee Attacks . | . . . Impact . | . . . Slashing . | . . . Piercing . | . . . Sneak Attacks . | . . . Combat Hostiles . | . . . Follow-up Attacks . | . . . Damage Inflicted 941 | 129 590 222 Guns 941 | 129 590 222 Cannons . | . . . Explosions . | . . . Melee . | . . . Ramming . | . . . Kinetic 768 | 52 590 126 Thermal 173 | 77 . 96 Explosive . | . . . Electromagnetic . | . . . Impact . | . . . Slashing . | . . . Piercing . | . . . Highest Corruption 2 | . 2 . Average Corruption 2 | . 2 . Corruption Purged . | . . . Corruption Blocked . | . . . Effects 9 | . 9 . Message Errors 3 | . 3 . Matter Fused 3 | . 3 . Heat Flow Errors 1 | . 1 . Energy Discharges 1 | . 1 . Data Loss (major) 1 | . 1 . Overload Shots . | . . . Overflow Damage . | . . . Projectiles . | . . . Explosions . | . . . Melee . | . . . Knockbacks . | . . . Impact . | . . . Kinetic . | . . . Secondary . | . . . Self-Inflicted Damage . | . . . Shots . | . . . Rammed . | . . . Targets Rammed . | . . . Kicked . | . . . Crushed . | . . . Highest Temperature 186 | 40 186 16 Average Temperature 34 | 20 47 6 Received Heat Transfer 279 | . 165 114 Siege Activations . | . . . Martial Activations . | . . . Shielding Activations . | . . . Robots Disrupted . | . . . Combat Hostiles . | . . . Robots Corrupted . | . . . Combat Hostiles . | . . . Parts Fried . | . . . Impact Corruptions . | . . . Robots Melted . | . . . Combat Hostiles . | . . . Parts Melted 1 | . . 1 Heat Transferred 400 | 175 . 225 Parts Sabotaged . | . . . Parts Stolen . | . . . Parts Stripped . | . . . Power Chain Reactions . | . . . Alert | -11 -10 -9 ------- Run | Yrd Mat Mat Maximum Alert Level . | . . . Low Security (%) 100 | 100 100 100 Level 1 . | . . . Level 2 . | . . . Level 3 . | . . . Level 4 . | . . . Level 5 . | . . . High Security . | . . . Max Security . | . . . Peak Influence 113 | 5 113 42 Initial 42 | . . 42 Average 28 | 1 39 14 Influence Increases 439 | 15 317 107 Destroy 0b10 Robot/C 220 | . 160 60 Destroy 0b10 Robot/NC 25 | 15 5 5 Destroy Leader 54 | . 32 22 Successful Hack 5 | . . 5 Disable Machine 15 | . . 15 Lose Combat Pursuer 120 | . 120 . Influence Decreases 439 | 15 216 208 Entered New Map 59 | . . 59 Time Decay 318 | 15 196 107 Lost Part 62 | . 20 42 Squads Dispatched 3 | . 1 2 Investigation . | . . . Extermination . | . . . Reinforcement 3 | . 1 2 Assault . | . . . Garrison . | . . . Intercept . | . . . Searches Triggered . | . . . Construction Impeded . | . . . Haulers Reinforced . | . . . Active Scanning Responses . | . . . Cargo Convoy Interrupts . | . . . Stealth | -11 -10 -9 --------- Run | Yrd Mat Mat Distress Signals 3 | . 2 1 Communications Jammed . | . . . Distress Signals . | . . . Times Spotted 27 | . 17 10 Peak Tracking Total 6 | . 4 6 Tactical Retreats 5 | . 5 . Traps | -11 -10 -9 ------- Run | Yrd Mat Mat Traps Triggered 3 | . 3 . Indirectly . | . . . Trap Hack Attempts . | . . . Triggered . | . . . Disarmed . | . . . Reprogrammed . | . . . Reused . | . . . Traps Extracted . | . . . Installed . | . . . Triggered . | . . . Machines | -11 -10 -9 ---------- Run | Yrd Mat Mat Machines Disabled 1 | . . 1 Max in Single Turn 1 | . . 1 Machines Repaired . | . . . Machines Dismantled . | . . . Machines Sabotaged . | . . . Overloaded Fab Kills . | . . . Hacking | -11 -10 -9 --------- Run | Yrd Mat Mat Machines Accessed 1 | . . 1 Terminals 1 | . . 1 Fabricators . | . . . Repair Stations . | . . . Recycling Units . | . . . Scanalyzers . | . . . Garrison Access . | . . . Total Hacks 2 | . . 2 Successful 1 | . . 1 Failed 1 | . . 1 Catastrophic . | . . . Database Lockouts . | . . . Manual . | . . . Terminals 2 | . . 2 Fabricators . | . . . Repair Stations . | . . . Recycling Units . | . . . Scanalyzers . | . . . Garrison Access . | . . . Terminal Hacks 1 | . . 1 Zone Layout 1 | . . 1 Fabricator Hacks . | . . . Repair Station Hacks . | . . . Recycling Unit Hacks . | . . . Scanalyzer . | . . . Garrison Access Hacks . | . . . Unauthorized Hacks . | . . . Terminals . | . . . Fabricators . | . . . Repair Stations . | . . . Recycling Units . | . . . Scanalyzers . | . . . Garrison Access . | . . . Data Cores Recovered . | . . . Used . | . . . Hacking Detections 1 | . . 1 Full Trace Events . | . . . Feedback Events . | . . . Feedback Blocked . | . . . Robot Schematics Acquired . | . . . Robots Built . | . . . Authchips . | . . . Time . | . . . Total Robot Build Rating . | . . . Part Schematics Acquired . | . . . Parts Built . | . . . Authchips . | . . . Time . | . . . Total Part Build Rating . | . . . Parts Repaired . | . . . Time . | . . . Parts Recycled . | . . . Recycled Matter . | . . . Retrieved Matter . | . . . Retrieved Components . | . . . Parts Scanalyzed . | . . . Part Schematics Acquired . | . . . Parts Damaged . | . . . Bothacking | -11 -10 -9 ------------ Run | Yrd Mat Mat Used RIF Installer . | . . . Robots Hacked . | . . . Non-combat . | . . . Combat . | . . . Robot Hacks Applied . | . . . Relay Couplers Released . | . . . Fabnet Peak Effective % . | . . . Robots Rewired . | . . . Allies Hacked . | . . . Hacks Repelled . | . . . Allies | -11 -10 -9 -------- Run | Yrd Mat Mat Total Allies . | . . . Largest Group . | . . . Highest-Rated Group . | . . . Highest-Rated Ally . | . . . Total Orders . | . . . Ally Attacks . | . . . Total Damage . | . . . Kills . | . . . Allies Corrupted . | . . . Allies Melted . | . . . Intel | -11 -10 -9 ------- Run | Yrd Mat Mat Active Infowar (turns) 1074 | 16 816 242 Sensors 242 | . . 242 Seismic 832 | 16 816 . Robot Analysis Total . | . . . Derelict Logs Recovered . | . . . Drone Launches . | . . . Drone Recoveries . | . . . Exploration | -11 -10 -9 ------------- Run | Yrd Mat Mat Turns Passed 1378 | 212 904 262 Spaces Moved 674 | 115 477 82 Core 8 | 6 . 2 Treads 666 | 109 477 80 Legs . | . . . Wheels . | . . . Hover . | . . . Flight . | . . . Fastest Speed 50 | 50 160 160 Average Speed 159 | 154 160 164 Slowest Speed 350 | 160 160 350 Overloaded Moves . | . . . Propulsion Burnouts . | . . . Robots Hopped . | . . . Potential Cave-ins . | . . . Cave-ins Triggered . | . . . Exploration Rate (%) 28 | 8 66 11 Regions Visited 2 Branch Regions . Pre-discovered Areas . | . . . Known Exits Taken . | . . . Unknown Exits Taken 2 | 1 1 . Scrap Searched . | . . . Spaces Dug . | . . . Terrain Destroyed . | . . . Melee . | . . . Projectile . | . . . AOE . | . . . Terrain Rammed . | . . . Walls Destroyed . | . . . Machines Disabled . | . . . Actions | -11 -10 -9 --------- Run | Yrd Mat Mat Total 850 | 132 539 179 Wait 79 | . 7 72 Move 672 | 114 476 82 Hop . | . . . Pick Up 9 | 3 6 . Fast Attach 7 | 7 . . Attach 4 | . 2 2 Detach . | . . . Swap 3 | . 2 1 Drop 2 | . 2 . Fire 74 | 8 44 22 Melee . | . . . Ram . | . . . Kick . | . . . Crush . | . . . Escape Stasis . | . . . Rewire . | . . . Trap . | . . . Miscellaneous . | . . . Route ------- -11/Scrapyard -10/Materials (discovered 3 exits: *Mat x2 / [*Min]) -9/Materials History --------- Turn | Location | Event 11 | -11/Scrapyard | Discovered new exit (range 15) 213 | -11/Scrapyard | Entered Materials 313 | -10/Materials | Build established: Mutant 468 | -10/Materials | Discovered new exit (range 11) 516 | -10/Materials | Discovered new exit (range 16) 1060 | -10/Materials | Discovered new exit (range 15) 1117 | -10/Materials | Entered another Materials area 1117 | -9/Materials | Evolved 2 slots: Propulsion x1, Utility x1 1379 | -9/Materials | Self-destructed Last Messages --------------- Downloaded map data. 01318_ W-16 Scout sends out distress signal. 01328_ Atomic Centrifuge disabled. 01329_ ALERT: Hostiles spotted, dispatching reinforcements to Terminal M007. 01331_ W-16 Scout destroyed. 01344_ Lgt. Assault Rifle destroyed. 01346_ Lgt. Armor Plating destroyed. 01347_ Lgt. Treads destroyed. 01349_ Assault Rifle destroyed. 01352_ Lgt. Treads destroyed. 01353_ R-06 Scavenger collects Hover Unit. 01356_ L-31 Rogue destroyed. 01359_ Sensor Array destroyed. 01367_ Ion Engine destroyed. 01370_ Heat Sink melted. 01370_ G-34 Mercenary destroyed. 01373_ R-06 Scavenger collects Ion Engine. 01376_ Sml. Laser destroyed. 01377_ R-06 Scavenger collects Aluminum Leg. Map ----- +----------------------------------------------------+ | ?????????????????????????????????????????????????? | | ?????????????????????????????????????????????????? | | ?????????????????????????????????????????????????? | | ?????????????????????????????????????????????????? | | ?????????????????????????????????????????????????? | | ?????????????????????????????????????????????????? | | ?????????????????????????????????????????????????? | | ?????????????????????????????????????????????????? | | ?????????????????????????????????????????????????? | | ?????????????????????????????????????????????????? | | ?????????????????????????????????????????????????? | | ?????????????????????????????????#???????????????? | | ???????????????????????# + + """ + # | | ???????????????????????# ### ###### # # | | ???????????????????????########?# #????#####+## # | | ????????????????????????????????# #???????? + | | ???????????????????###??????????# #????????# ## | | ??????????????????? #??????????# #????????# #? | | ??????????????????? ##??????????# ########?# #? | | ??????????????????? ########????# ## #?# #? | | ??????????????????? # ###### ## ### ## | | ??????????????????? # g r[u " | | ??????????????????? # g"""g######### ###### | | ??????????????????? # b"""%#???????# #????# | | ??????????????????? # r""*/#????######+####???# | | ???????????????????## Y@!#????# #???# | | ??????????????????? ###+#######?# " [ #???# | | ??????????????????? #?# T """ #???# | | ??????????????????? #?# " """ #???# ## | | ?????????????????? #?# """ #???# #? | | ???????????????? ###+### #?# """ #???# #? | | ???????????????##+?### # #?# """ #???# #? | | ??????????????????? # # #?# #???# #? | | ??????????????????? # # #######+######### ## | | ??????????????????? # # | | ??????????????????? # # | | ??????????????????? # # !%* | | ??????????????????? # ##################+##### | | ??????????????????? # #??????????# == | | ??????????????????? # #??????????# | | ??????????????????? ######??????????# """ """ """ | | ???????????????????###???????????????# """ """ """ | | ?????????????????????????????????????# """ """ """ | | ?????????????????????????????????????# | | ??????????????????????????????????????############ | | | | | | | | | | | +----------------------------------------------------+ Best States ------------- Heat Dissipation 28 Energy Generation 10 Energy Capacity 250 Matter Stores 282 Matter Capacity 300 Sight Range 16 Robot Scan Range 14 Terrain Scan Density 10 Armor Coverage 150 Evasion (%) 40 Recoil Reduction 2 Item Schematics ----------------- None Robot Schematics ------------------ None Fabricated ------------ Nothing Repaired ---------- Nothing Alien Tech Used ----------------- None Achievements -------------- None Challenges ------------ None Game ------ Seed WeaponGaussTriangulator Manual? 0 Play Time 00:11:28 Cumulative 11.0 hours Start 2025.10.04 @ 22:51:33 End 2025.10.05 @ 00:10:50 Sessions 2 Manual Loads 0 Difficulty Rogue Special Mode None Game No. 35 Rogue 28 Adventurer 7 Explorer 0 Win Type - Total 0 Types 0/0/0/0/0/0/0/0/0/0 Lore% 3 Gallery% 14 Achievement% 13 Wizard Run 0 Options --------- Layout 1 ASCII 0 Keyboard 1 Movement Vi Keybinds 0 Fullscreen 1 Font 24/Smallcaps Map View 76x35 Zoom Use 19% Tactical HUD 1 Map Filters NONE Filters NONE Steam 1 RUN: 7181ec9f-ec71-4d5d-974a-df6cd3325c95